 Dungeon Crawl Stone Soup version 0.25-a0-413-g3b4b6a4ccc (webtiles) character file.

Game seed: 14796359585018025502, levelgen mode: deterministic

0 MrRokkomies the Ducker (level 1, -5/11 HPs)
             Began as a Spriggan Abyssal Knight on Jan 17, 2020.
             Was a Follower of Lugonu.
             Slain by a hornet (shapeshifter) (8 damage)
             ... while paralysed by a hornet
             ... on level 5 of the Abyss.
             The game lasted 00:01:21 (230 turns).

MrRokkomies the Ducker (Spriggan Abyssal Knight)     Turns: 230, Time: 00:01:21

Health: -5/11      AC:  2    Str: 15    XL:     1   Next: 0%
Magic:  7/12       EV:  4    Int: 11    God:    Lugonu [*.....]
Gold:   112        SH:  0    Dex: 15    Spells: 0/0 levels left

rFire    . . .     SeeInvis +   f - +6 morningstar of Resourcefulness {crush, MR+++ Str+7 Int-2}
rCold    . . .     Gourm    .   (shield restricted)
rNeg     . . .     Faith    .   b - +0 robe
rPois    .         Spirit   .   (helmet restricted)
rElec    .         Reflect  .   (no cloak)
rCorr    .         Harm     .   (gloves unavailable)
MR       +++..                  (boots unavailable)
Stlth    +.........             (no amulet)
HPRegen  0.03/turn              e - ring of magical power
MPRegen  0.13/turn              (no ring)

@: paralysed, very quick
A: very small, unfitting armour, see invisible, herbivore, speed 3, slow
metabolism 2
a: Depart the Abyss, Renounce Religion


You were on level 5 of the Abyss.
You worshipped Lugonu.
Lugonu was aware of your devotion.
You were not hungry.

You visited 0 branches of the dungeon, and saw 0 of its levels.
You visited the Abyss 1 time.

You collected 112 gold pieces.

Inventory:

Hand Weapons
 a - a +2 short sword
 f - the +6 morningstar of Resourcefulness (weapon) {crush, MR+++ Str+7 Int-2}
   (You found it on level 4 of the Abyss)

   It inflicts extra damage upon your enemies.
   It affects your strength (+7).
   It affects your intelligence (-2).
   It affects your resistance to hostile enchantments.
Armour
 b - a +0 robe (worn)
Jewellery
 e - a ring of magical power (left hand)
Scrolls
 d - a scroll of enchant weapon
Comestibles
 c - 3 rations


   Skills:
 + Level 2.4 Fighting
 + Level 2.1 Short Blades
 + Level 3.5 Dodging
 + Level 1.7 Invocations


You couldn't memorise any spells.
You didn't know any spells.
Your spell library was empty.

Dungeon Overview and Level Annotations

Branches:
Dungeon (0/15)

Altars:


Innate Abilities, Weirdness & Mutations

You are very small and have problems with some larger weapons.
You are too small for most types of armour.
You have supernaturally acute eyesight. (SInv)
You are a herbivore.
You cover ground extremely quickly.
You need to consume almost no food.


Message History

There is a gateway leading deeper into the Abyss here.
You plunge deeper into the Abyss.
The abyssal rune of Zot can be found at this depth.
A golden eye comes into view.
The golden eye turns its gaze towards you.
The golden eye blinks!
A hornet and a starcursed mass come into view.
A starcursed mass splits.
The hornet buzzes angrily.
Found a gateway leading out of the Abyss.
The hornet closely misses you.
You hit the hornet.
The hornet is lightly wounded.
The hornet barely misses you. The hornet stings you!
Ouch! That really hurt!
* * * LOW HITPOINT WARNING * * *
You suddenly lose the ability to move!
The hornet stings you!
Ouch! That really hurt!
You die...

. #.##... ..### ##.
...#.##.#..# ....
.......#..#
.....#.....##..##
......ยง.#.......#
# #... #......#.
.X..#....#...##....
..X......##y.# # .
.. . .? .#@##
.....#..#\# ####..
.#### .. #.. .... #
.... ..# ... .#


You could see a hornet.

Vanquished Creatures (others)
  2 starspawn tentacles (Abyss:4)
2 creatures vanquished.

Notes
Turn   | Place    | Note
-------+----------+-------------------------------------------
     0 | Abyss:1  | MrRokkomies the Spriggan Abyssal Knight began the quest for
                  | the Orb.
     0 | Abyss:1  | Reached XP level 1. HP: 11/11 MP: 3/3
    20 | Abyss:1  | Found a corrupted altar of Lugonu.
    56 | Abyss:2  | Noticed a large abomination
   100 | Abyss:4  | Noticed a swamp dragon
   109 | Abyss:4  | Noticed an ancient zyme
   110 | Abyss:4  | Noticed a starcursed mass
   182 | Abyss:4  | Noticed a tentacled starspawn
   192 | Abyss:4  | Found a corrupted altar of Lugonu.
   195 | Abyss:4  | Got a steaming morningstar
   196 | Abyss:4  | Identified the +6 morningstar of Resourcefulness {crush,
                  | MR+++ Str+7 Int-2} (You found it on level 4 of the Abyss)
   214 | Abyss:5  | Entered Level 5 of the Abyss
   217 | Abyss:5  | Noticed a golden eye
   220 | Abyss:5  | Noticed a starcursed mass
   220 | Abyss:5  | Noticed a hornet
   229 | Abyss:5  | Paralysed by a hornet for 2 turns
   230 | Abyss:5  | Slain by a hornet (shapeshifter)

Levels and vault maps discovered:
Abyss:5:  evilmike_abyss_exit_13, dshaligram_kb_abyss_rune_zappy_water_cross,
          bh_abyss_exit_spiral, minivault_25_ag, minivault_20

Action                   || total
-------------------------++-------
Melee: Morningstar       ||     1
  Use: Scroll            ||     4
Dodge: Dodged            ||     2

Table legend:
 A = Non-vault XP
 B = Vault XP
 C = Vault XP percentage of total XP
 D = Non-vault monster count
 E = Vault monster count
 F = Vault count percentage of total count
                 A         B        C        D         E       F
            +---------+---------+-------+---------+---------+-------
      Total |       0 |       0 |   N/A |       0 |       0 |  -nan
            +---------+---------+-------+---------+---------+-------
            +---------+---------+-------+---------+---------+-------
